 Dungeon Crawl Stone Soup version 0.29-a0-653-gd47aff6735 (webtiles) character file.

Game seed: 3265491907480814008

3580 zeratav the Marksspriggan (level 9, -10/40 HPs)
             Began as a Spriggan Arcane Marksman on June 21, 2022.
             Was an Initiate of Dithmenos.
             Mangled by a vampire mosquito (11 damage)
             ... on level 8 of the Dungeon.
             The game lasted 00:25:34 (10533 turns).

zeratav the Marksspriggan (SpAM)                   Turns: 10533, Time: 00:25:34

Health: -10/40     AC:  2    Str:  6    XL:     9   Next: 84%
Magic:  12/12      EV: 19    Int: 15    God:    Dithmenos [......]
Gold:   395        SH:  0    Dex: 19    Spells: 9/10 levels left

rFire   . . .      SeeInvis +   a - +1 shortbow (venom) {bow}
rCold   . . .      Faith    .   (shield currently unavailable)
rNeg    . . .      Spirit   .   b - +0 robe
rPois   .          Reflect  .   (helmet restricted)
rElec   .          Harm     .   (no cloak)
rCorr   .          Rampage  .   (gloves unavailable)
Will    +....                   (boots unavailable)
Stlth   +++.......              (no amulet)
HPRegen 0.13/turn               (no ring)
MPRegen 0.13/turn               (no ring)

@: very quick
A: very small, no large weapons, unfitting armour, see invisible, speed 3
a: Renounce Religion


You were on level 8 of the Dungeon.
You worshipped Dithmenos.
Dithmenos was noncommittal.
You visited 2 branches of the dungeon, and saw 10 of its levels.
You also visited: Sewer.

You collected 395 gold pieces.


Innate Abilities, Weirdness & Mutations

You are very small and have problems with some larger weapons.
You are too small for most types of armour.
You have supernaturally acute eyesight. (SInv)
You cover ground extremely quickly. (Speed+++)


   Skills:
 - Level 0.7 Fighting
 - Level 16.0 Bows
 + Level 3.8 Dodging
 - Level 5.0 Stealth
 - Level 1.3 Spellcasting
 - Level 3.6 Hexes


You had 9 spell levels left.
You knew the following spells:

 Your Spells              Type           Power      Damage    Failure   Level
a - Slow                  Hex            44%        N/A       5%          1

Your spell library contained the following spells:

 Spells                   Type           Power      Damage    Failure   Level
 Confusing Touch          Hex            11%        N/A       16%         3
 Ensorcelled Hibernation  Hex/Ice        12%        N/A       17%         2
 Blink                    Tloc           2%         N/A       34%         2
 Sublimation of Blood     Necr           1%         N/A       34%         2
 Wereblood                Tmut           1%         N/A       34%         2
 Inner Flame              Hex/Fire       6%         N/A       34%         3
 Portal Projectile        Hex/Tloc       12%        N/A       34%         3
 Summon Guardian Golem    Hex/Summ       6%         N/A       34%         3
 Cause Fear               Hex            5%         N/A       47%         4
 Spider Form              Tmut/Pois      1%         N/A       56%         3
 Vampiric Draining        Necr           1%         2d6       56%         3
 Anguish                  Hex/Necr       3%         N/A       75%         4
 Manifold Assault         Tloc           1%         N/A       100%        5
 Orb of Destruction       Conj           0%         9d5       100%        7
 Spellforged Servitor     Conj/Summ      0%         N/A       100%        7
 Storm Form               Tmut/Air       0%         N/A       100%        7
 Summon Hydra             Summ           0%         N/A       100%        7

Inventory:

Hand Weapons
 a - a +1 shortbow of venom (weapon) {bow}
 u - the +7 quarterstaff of the Skies Above {freeze, rElec, staff}
   (You found it on level 5 of the Dungeon)

   It freezes those it strikes, dealing additional cold damage.
   It can also slow down cold-blooded creatures.
   rElec:     It insulates you from electricity.
 v - a +5 dagger {short}
   (You took it off a kobold on level 6 of the Dungeon)
 x - a +1 dagger of pain {short}
   (You took it off an orc on level 7 of the Dungeon)
 B - the +6 short sword of Xourax {venom, Int+2, short}
   (You found it on level 7 of the Dungeon)

   It poisons the flesh of those it strikes.
   Int:       It affects your intelligence (+2).
Armour
 b - a +0 robe (worn)
Jewellery
 f - a ring of positive energy
   (You found it on level 1 of the Dungeon)
 h - a ring of wizardry
   (You found it on level 2 of the Dungeon)
Wands
 j - a wand of digging (3)
   (You took it off Ijyb on level 3 of the Dungeon)
 k - a wand of light (15)
   (You took it off a kobold on level 6 of the Dungeon)
 o - a wand of flame (15)
   (You found it on level 5 of the Dungeon)
 D - a wand of charming (10)
   (You found it on level 8 of the Dungeon)
Scrolls
 c - 3 scrolls of vulnerability {!r!r}
 d - 7 scrolls of teleportation {@r4}
 g - 3 scrolls of identify {@r1}
 p - a scroll of fog
 q - 2 scrolls of amnesia
 t - a scroll of fear
 w - a scroll of torment {!r}
 y - a scroll of magic mapping {unknown}
Potions
 e - 2 potions of mutation {unknown}
 i - a potion of degeneration {!q@e2}
 l - 2 potions of might {unknown}
 m - 2 potions of heal wounds {@q2}
 n - a potion of lignification {unknown}
 r - 3 potions of flight
 s - 2 potions of resistance {unknown}
 z - 3 potions of attraction {unknown}
 C - a potion of berserk rage {unknown}

Dungeon Overview and Level Annotations

Branches:
Dungeon (9/15) Zot: 26949  Temple (1/1) D:7 Zot: 5959   Sewer (visited)
   Lair: D:8-11         Orc: D:9-12

Altars:
Ashenzari
Dithmenos
Elyvilon
Fedhas
Gozag
Hepliaklqana
Kikubaaqudgha
Nemelex Xobeh
Qazlal
Sif Muna
Vehumet
Wu Jian
Xom

Shops:
D:2 *   D:8 (

Annotations:
D:4 2 transporters, zhov's ghost, amateur SpHu

#####..)###.#.#.##...##.
#.....[.......#.#######.
#######)###.#.#.# ##.'#
#...#.#...#.#.#.####...#
#######..⌠#.....#.#.#....#.♣.#
#....#...##.....#........#...#
#.##.'...###....###########>##
#.##.##### ##y#.....# ####
#.......### #@###.#.# #
####.#.....# #.# #.#.# ##
#....#####.###.###.#.#### #.
#.#..#####.........#....# ##.
#.#..........#.########.# #..
#.#.########.#.# #.#####.#
#.#.# #.#.# #....##.# #.#.#
#####.#.# ####.##.# #.#.#
#.....#.## #.##.#


You could see a vampire mosquito.


Message History

The vampire mosquito bites you.
The vampire mosquito draws strength from your injuries!
Things that are here:
a +0 club {mace}; an orc skeleton; HP[-4]
You take 4 damage, and now have 21/40 hp.
The vampire mosquito attacks as you move away!
The vampire mosquito bites you but does no damage.
The vampire mosquito completely misses you.
You see here a +0 leather armour.
HP[+1]
The vampire mosquito attacks as you move away!
The vampire mosquito barely misses you.
Shoot: a) +1 shortbow (venom) {bow}
Press: ? - help, Q - select action, (/) - cycle Shift-Dir - straight line, f/p - vampire mosquito
Aim: a vampire mosquito (56% to hit)
You shoot an arrow. The arrow hits the vampire mosquito.
The vampire mosquito barely misses you.
Shoot: a) +1 shortbow (venom) {bow}
Press: ? - help, Q - select action, (/) - cycle Shift-Dir - straight line, f/p - vampire mosquito
Aim: a vampire mosquito (lightly damaged, 56% to hit)
You shoot an arrow. The arrow hits the vampire mosquito.
The vampire mosquito misses you. x2
Shoot: a) +1 shortbow (venom) {bow}
Press: ? - help, Q - select action, (/) - cycle Shift-Dir - straight line, f/p - vampire mosquito
Aim: a vampire mosquito (lightly damaged, 56% to hit)
You shoot an arrow. The arrow hits the vampire mosquito.
The vampire mosquito closely misses you.
The vampire mosquito barely misses you. The vampire mosquito bites you!
* * * LOW HITPOINT WARNING * * *
The vampire mosquito draws strength from your injuries!
The vampire mosquito bites you.
* * * LOW HITPOINT WARNING * * *
The vampire mosquito draws strength from your injuries!
HP[-11]
You take 11 damage, and now have 11/40 hp.
MASSIVE DAMAGE!! (PAUSE) Shoot: a) +1 shortbow (venom) {bow}
Press: ? - help, Q - select action, (/) - cycle Shift-Dir - straight line, f/p - vampire mosquito
Aim: a vampire mosquito (lightly damaged, 56% to hit)
You shoot an arrow. The arrow hits the vampire mosquito.
The vampire mosquito bites you!
* * * LOW HITPOINT WARNING * * *
The vampire mosquito draws strength from your injuries!
The vampire mosquito closely misses you.
HP[-8]
You take 8 damage, and now have 3/40 hp.
Blink to where?
Press: ? - help, Q - select action, (/) - cycle Dir - move target, p - vampire mosquito
As you read the scroll of blinking {!r}, it crumbles to dust.
Things that are here:
a +0 robe; a +0 dagger {short}
Things that are here:
a +0 great mace {mace}; a +0 giant club {mace}; a two-headed ogre skeleton HP[+1] Shoot: a) +1 shortbow (venom) {bow}
Press: ? - help, Q - select action, (/) - cycle Shift-Dir - straight line, f - vampire mosquito
Aim: a vampire mosquito (moderately damaged, 56% to hit)
You shoot an arrow. The arrow hits the vampire mosquito!
Shoot: a) +1 shortbow (venom) {bow}
Press: ? - help, Q - select action, (/) - cycle Shift-Dir - straight line, f/p - vampire mosquito
Aim: a vampire mosquito (severely damaged, 56% to hit)
You shoot an arrow. The arrow hits the vampire mosquito!
Shoot: a) +1 shortbow (venom) {bow}
Press: ? - help, Q - select action, (/) - cycle Shift-Dir - straight line, f/p - vampire mosquito
Aim: a vampire mosquito (almost destroyed, 56% to hit)
You shoot an arrow. The arrow misses the vampire mosquito.
Shoot: a) +1 shortbow (venom) {bow}
Press: ? - help, Q - select action, (/) - cycle Shift-Dir - straight line, f/p - vampire mosquito
Aim: a vampire mosquito (almost destroyed, 56% to hit)
You shoot an arrow.
The arrow closely misses the vampire mosquito.
The vampire mosquito attacks as you move away!
The vampire mosquito closely misses you.
The vampire mosquito attacks as you move away!
The vampire mosquito bites you.
* * * LOW HITPOINT WARNING * * *
The vampire mosquito draws strength from your injuries!
HP[-1]
You take 1 damage, and now have 3/40 hp.
The vampire mosquito attacks as you move away!
The vampire mosquito bites you.
* * * LOW HITPOINT WARNING * * *
The vampire mosquito draws strength from your injuries!
HP[-2]
You take 2 damage, and now have 1/40 hp.
Shoot: a) +1 shortbow (venom) {bow}
Press: ? - help, Q - select action, (/) - cycle Shift-Dir - straight line, f/p - vampire mosquito
Aim: a vampire mosquito (almost destroyed, 56% to hit)
You shoot an arrow. The arrow hits the vampire mosquito!
You destroy the vampire mosquito!
Dithmenos accepts your kill.
Your Dodging skill increases to level 3!
Shoot: a) +1 shortbow (venom) {bow}
Press: ? - help, Q - select action, (/) - cycle Shift-Dir - straight line, f - vampire mosquito
Aim: a vampire mosquito (56% to hit)
You shoot an arrow. The arrow hits the vampire mosquito!
The vampire mosquito completely misses you.
The vampire mosquito attacks as you move away!
The vampire mosquito bites you!
You die...

Skill      XL: |  1  2  3  4  5  6  7  8  9 |
---------------+----------------------------+-----
Stealth        | 2 4 5 |  5.0
Bows           | 3 4 6 8 10 13 16 | 16.0
Dodging        | 3 |  3.8
Fighting       | |  0.7
Spellcasting   | |  1.3
Hexes          | |  3.6

Action                   |  1- 3 |  4- 6 |  7- 9 || total
-------------------------+-------+-------+-------++-------
Melee: Quarterstaff      |       |       |     1 ||     1
 Fire: Shortbow          |    85 |   206 |   446 ||   737
 Cast: Slow              |     2 |     6 |    22 ||    30
  Use: Scroll            |       |     5 |     8 ||    13
       Potion            |       |     1 |     4 ||     5
Armor: Robe              |     4 |     2 |     8 ||    14
Dodge: Dodged            |    23 |    44 |   111 ||   178

Levels and vault maps discovered:
D:1:      matt_arrival_refuge, layout_basic, shapermc_ecumenical_altar_petra
D:2:      layout_basic, serial_shops, nicolae_shop_trees
D:3:      layout_rooms, serial_co_window_serial, co_window_paths_a,
          co_window_corner_a, co_window_corner_a, co_window_corner_a,
          co_window_corner_a, co_window_2corner, co_window_paths_c,
          co_window_of_opportunity_b, co_window_corner_ca, co_window_4corner_a,
          co_window_sun, glass_columns_a, glass_columns_c, uniq_ijyb
D:4:      layout_gridville, gammafunk_ghost_mausoleum, kennysheep_small_spiral
D:5:      layout_cave_pools, fedhas_ov_isle_minmay, cheibrodos_sewer_entry_bend,
          kennysheep_flooded_box
D:6:      kennysheep_kobold_camp, layout_loops_ring,
          nicolae_ossuary_entry_false_entrances, corexii_shack
D:7:      layout_cave_pools, temple_fountains, serial_column_ruins,
          column_ruins_hut, column_ruins_open_small,
          column_ruins_columns_corner, column_ruins_open_tiny,
          column_ruins_columns_dead_end, column_ruins_grid_4
D:8:      layout_basic, serial_shops, nicolae_stop_n_shop_1, grunt_ministairs_4,
          kennysheep_nondescript
D:9:      layout_gridville, due_lair_maze_entry_diamond, david_orc_4,
          item_on_display_a
Temple:   kilobyte_greek_temple

Notes
Turn   | Place    | Note
-------+----------+-------------------------------------------
     0 | D:1      | zeratav the Spriggan Arcane Marksman began the quest for
                  | the Orb.
     0 | D:1      | Reached XP level 1. HP: 9/9 MP: 3/3
     0 | D:1      | magus.rc [v1.9.6]
    43 | D:1      | You pick up a book of Debilitation and begin reading...
    43 | D:1      | You add the spells Vampiric Draining and Confusing Touch to
                  | your library.
    50 | D:1      | You pick up a book of Dangerous Friends and begin
                  | reading...
    50 | D:1      | You add the spells Summon Guardian Golem, Orb of
                  | Destruction and Spellforged Servitor to your library.
   130 | D:1      | Reached skill level 1 in Stealth
   243 | D:1      | Reached skill level 2 in Stealth
   410 | D:1      | Found a faded altar of an unknown god.
   434 | D:1      | Reached XP level 2. HP: 14/14 MP: 5/5
   457 | D:1      | Reached skill level 3 in Stealth
  1067 | D:2      | Reached skill level 4 in Stealth
  1095 | D:2      | HP: 3/14 [poisoned by an adder]
  1119 | D:2      | Reached XP level 3. HP: 5/17 MP: 4/6
  1497 | D:2      | Reached skill level 5 in Stealth
  1778 | D:2      | Reached skill level 3 in Bows
  1778 | D:2      | Reached XP level 4. HP: 12/21 MP: 7/7
  1901 | D:2      | Found Tuicummeu's Assorted Antiques.
  1987 | D:2      | Reached skill level 4 in Bows
  2504 | D:3      | Noticed Ijyb
  2519 | D:3      | Killed Ijyb
  2520 | D:3      | Reached XP level 5. HP: 17/25 MP: 8/8
  2729 | D:3      | Reached skill level 5 in Bows
  3605 | D:4      | Found a transporter.
  3605 | D:4      | Noticed zhov's ghost (amateur SpHu)
  3802 | D:4      | Found a transporter.
  3817 | D:4      | Noticed a phantom
  3889 | D:4      | Killed a phantom
  3890 | D:4      | Reached skill level 6 in Bows
  3890 | D:4      | Reached XP level 6. HP: 29/29 MP: 9/9
  4038 | D:4      | Reached skill level 7 in Bows
  4148 | D:4      | You pick up a book of Blood and begin reading...
  4148 | D:4      | You add the spells Sublimation of Blood, Wereblood and
                  | Summon Hydra to your library.
  4186 | D:4      | You add the spells Blink, Manifold Assault and Storm Form
                  | to your library.
  4403 | D:5      | Entered Level 5 of the Dungeon
  4469 | D:5      | Reached skill level 8 in Bows
  4535 | D:5      | Noticed a water moccasin
  4657 | D:5      | Reached XP level 7. HP: 11/32 MP: 8/10
  4680 | D:5      | Found a glowing drain.
  4838 | Sewer    | Entered a sewer
  5020 | Sewer    | Found a white marble altar of Elyvilon.
  5205 | D:5      | You pick up a book of Dreams and begin reading...
  5205 | D:5      | You add the spells Ensorcelled Hibernation, Spider Form and
                  | Anguish to your library.
  5241 | D:5      | Found a blossoming altar of Fedhas.
  5262 | D:5      | Identified the +7 quarterstaff of the Skies Above {freeze,
                  | rElec}
  5437 | D:5      | Reached skill level 9 in Bows
  5538 | D:5      | Identified the +4 scale mail "Ziuru" {Rampage *Corrode
                  | Str+2}
  5774 | D:5      | HP: 8/32 [poisoned by a scorpion]
  6327 | D:6      | HP: 7/32 [poisoned by a water moccasin]
  6528 | D:6      | Reached skill level 10 in Bows
  6730 | D:6      | Reached XP level 8. HP: 37/37 MP: 11/11
  6768 | D:6      | Reached skill level 11 in Bows
  7044 | D:6      | HP: 9/37 [kobold brigand/+0 club (3)]
  7059 | D:6      | HP: 8/37 [poisoned by a kobold brigand]
  7062 | D:6      | HP: 2/37 [poisoned by a kobold brigand]
  7534 | D:6      | Reached skill level 12 in Bows
  8107 | D:6      | Reached skill level 13 in Bows
  8609 | D:7      | Reached XP level 9. HP: 40/40 MP: 12/12
  9149 | D:7      | Reached skill level 14 in Bows
  9519 | D:7      | Identified the +6 short sword of Xourax {venom, Int+2}
  9561 | D:7      | Found a staircase to the Ecumenical Temple.
  9668 | Temple   | Entered the Ecumenical Temple
  9702 | Temple   | Became a worshipper of Dithmenos the Shadowed
  9741 | D:8      | Found Eniruof's Antique Weapon Shoppe.
  9914 | D:8      | Noticed a two-headed ogre
  9943 | D:8      | Killed a two-headed ogre
  9944 | D:8      | Reached skill level 15 in Bows
 10457 | D:9      | Reached skill level 16 in Bows
 10516 | D:8      | HP: 3/40 [vampire mosquito (8)]
 10529 | D:8      | HP: 3/40 [vampire mosquito (1)]
 10530 | D:8      | HP: 1/40 [vampire mosquito (2)]
 10532 | D:8      | Reached skill level 3 in Dodging
 10533 | D:8      | Mangled by a vampire mosquito

Vanquished Creatures
  A two-headed ogre (D:8)
  A vampire mosquito (D:8)
  A steam dragon (D:8)
  5 water moccasins
  An orc warrior (D:7)
  A sky beast (D:6)
  A black bear (D:6)
  An ogre (D:5)
  A centaur (D:6)
  2 phantoms
  7 bullfrogs
  2 kobold brigands
  2 scorpions (D:5)
  A howler monkey (D:9)
  2 jellies
  6 orc priests
  2 gnoll shamans
  3 hounds
  3 orc wizards
  Ijyb (D:3)
  3 iguanas
  7 adders
  9 gnolls
  2 river rats (Sewer)
  2 white imps
  An ufetubus (D:5)
  5 worms
  A dart slug (D:1)
  31 orcs
  8 endoplasms
  4 giant cockroaches
  6 goblins
  4 hobgoblins
  3 jackals (Sewer)
  30 kobolds
  3 quokkas
  4 ball pythons
  4 bats
  4 frilled lizards
  7 rats
182 creatures vanquished.

Vanquished Creatures (others)
  45 plants (D:6)
45 creatures vanquished.

Grand Total: 227 creatures vanquished

Table legend:
 A = Non-vault XP
 B = Vault XP
 C = Vault XP percentage of total XP
 D = Non-vault monster count
 E = Vault monster count
 F = Vault count percentage of total count
                 A         B        C        D         E       F
            +---------+---------+-------+---------+---------+-------
      Total |    4574 |     541 |  10.6 |     144 |      38 |  20.9
            +---------+---------+-------+---------+---------+-------
        D:1 |      27 |       0 |   0.0 |      16 |       0 |   0.0
        D:2 |     111 |       0 |   0.0 |      15 |       0 |   0.0
        D:3 |      54 |      36 |  40.0 |      20 |       1 |   4.8
        D:4 |     281 |       0 |   0.0 |      16 |       0 |   0.0
        D:5 |     728 |       5 |   0.7 |      19 |       1 |   5.0
        D:6 |    1072 |     128 |  10.7 |      18 |      21 |  53.8
        D:7 |     968 |       0 |   0.0 |      20 |       0 |   0.0
        D:8 |    1282 |     235 |  15.5 |      19 |       2 |   9.5
        D:9 |      51 |       0 |   0.0 |       1 |       0 |   0.0
      Sewer |       0 |     137 | 100.0 |       0 |      13 | 100.0
            +---------+---------+-------+---------+---------+-------

Illustrated notes

Table legend:
 A = Kills in this place as a percentage of kills in entire the game.
 B = Kills by you in this place as a percentage of kills by you in the entire game.
 C = Kills by friends in this place as a percentage of kills by friends in the entire game.
 D = Other kills in this place as a percentage of other kills in the entire game.
 E = Experience gained in this place as a percentage of experience gained in the entire game.
 F = Experience gained in this place divided by the number of levels of this place that you have seen.
                   A       B       C       D       E      F
               +-------+-------+-------+-------+-------+----------------------
         Total | 100.0 | 100.0 |   N/A |   N/A | 100.0 | 465.0
       Dungeon |  92.9 |  92.9 |   N/A |   N/A |  97.3 | 553.1
         Sewer |   7.1 |   7.1 |   N/A |   N/A |   2.7 | 137.0
               +-------+-------+-------+-------+-------+----------------------

Table legend: (Time is in decaauts)
 A = Elapsed time spent in this place.
 B = Non-inter-level travel time spent in this place.
 C = Inter-level travel time spent in this place.
 D = Time resting spent in this place.
 E = Time spent auto-exploring this place.
 F = Levels seen in this place.
 G = Mean time per level.
                   A        B        C        D        E       F      G
               +--------+--------+--------+--------+--------+-----+--------+
         Total |   7961 |   7641 |    320 |   1818 |   4135 |  11 |  723.7 |
       Dungeon |   7648 |   7349 |    299 |   1818 |   3913 |   9 |  849.8 |
        Temple |     40 |     19 |     21 |      0 |     17 |   1 |   40.0 |
         Sewer |    272 |    272 |      0 |      0 |    204 |   1 |  272.0 |
               +--------+--------+--------+--------+--------+-----+--------+

Top non-repeatable levels by time:
     D:5: 1635 daAuts
     D:6: 1358 daAuts
     D:2: 1083 daAuts
     D:7: 923 daAuts
     D:3: 853 daAuts
     D:1: 653 daAuts
     D:4: 622 daAuts
     D:8: 513 daAuts
   Sewer: 272 daAuts
  Temple: 40 daAuts
     D:9: 6 daAuts
